 Dungeon Crawl Stone Soup version 0.31.0-11-ge490571c62 (webtiles) character file.

Game seed: 15130271470916798133

87 Marvel the Covered (level 4, -2/41 HPs)
             Began as a Hill Orc Fighter on Feb 10, 2024.
             Slain by Crazy Yiuf
             ... wielding a +3 quarterstaff of chaos
              (14 damage)
             ... on level 2 of the Dungeon.
             The game lasted 00:02:19 (1219 turns).

Marvel the Covered (Hill Orc Fighter)               Turns: 1219, Time: 00:02:20

Health: -2/41      AC:  7    Str: 20    XL:     4   Next: 51%
Magic:  0/4        EV:  9    Int:  8    God:
Gold:   101        SH:  4    Dex: 10    Spells: 3/3 levels left

rFire   . . .        k - +2 short sword (venom)
rCold   . . .        c - +0 buckler
rNeg    . . .        b - +0 scale mail
rPois   .            (no helmet)
rElec   .            (no cloak)
rCorr   .            (no gloves)
SInv    .            (no boots)
Will    .....        n - amulet of guardian spirit Stlth
                     (no ring)
HPRegen 0.26/turn    (no ring)
MPRegen 0.09/turn

%: guardian spirit
@: no status effects
A: no striking features
a: no special abilities


You were on level 2 of the Dungeon.
You visited 1 branch of the dungeon, and saw 2 of its levels.

You collected 101 gold pieces.

Inventory:

Hand Weapons
 a - a +0 war axe
 k - a +2 short sword of venom (weapon)
Missiles
 m - 5 darts of dispersal (quivered)
Armour
 b - a +0 scale mail (worn)
 c - a +0 buckler (worn)
Jewellery
 n - an amulet of guardian spirit (around neck)
Scrolls
 e - a scroll of immolation {unknown}
 f - a scroll of blinking {unknown}
 h - 2 scrolls of teleportation {unknown}
 i - a scroll of vulnerability {unknown}
 j - 3 scrolls of identify {unknown}
 l - a scroll of noise {unknown}
Potions
 d - a potion of might
 g - 2 potions of curing


   Skills:
 + Level 4.4 Fighting
 + Level 4.0 Axes
 + Level 4.5 Armour
 - Level 3.2 Shields


You had 3 spell levels left.
You didn't know any spells.
Your spell library was empty.

Dungeon Overview and Level Annotations

Branches:
Dungeon (2/15)

Altars:
Nemelex Xobeh

Annotations:
D:2 Crazy Yiuf


Message History

The rat squeaks loudly.
The rat moves out of view.
No target in view!
No target in view!
No target in view!
You hit the rat.
You kill the rat!
Your Axes skill increases to level 4!
No target in view!
You see here a rat corpse.
You see here a rat corpse.
A hobgoblin comes into view.
The hobgoblin hits you but does no damage.
You closely miss the hobgoblin. The hobgoblin barely misses you.
You hit the hobgoblin but do no damage.
The hobgoblin is poisoned.
The hobgoblin barely misses you.
You hit the hobgoblin.
You kill the hobgoblin!
You see here a hobgoblin corpse.
Found a runed translucent door.
No target in view!
No target in view!
Crazy Yiuf shouts!
You open the door. You barely miss Crazy Yiuf.
Crazy Yiuf hits you with a +3 quarterstaff of chaos!
Crazy Yiuf burns you.
You closely miss Crazy Yiuf.
Crazy Yiuf says, "Leather!"
Crazy Yiuf hits you with a +3 quarterstaff of chaos!
Crazy Yiuf freezes you.
You hit Crazy Yiuf.
Crazy Yiuf is moderately wounded.
Crazy Yiuf hits you with a +3 quarterstaff of chaos!
* * * LOW HITPOINT WARNING * * *
You closely miss Crazy Yiuf.
Crazy Yiuf is moderately wounded.
Crazy Yiuf flaps his cloak.
Crazy Yiuf hits you with a +3 quarterstaff of chaos!
You die...

..............###................
............###............#.....
................########.........
........######### #.........
........# #......... #######.#
#........) #....†##♣♣ ###
#......... #........♣♣ ♣♣#..)#
#......... #.........♣♣♣♣@g...#
#......... #..........♣..♣#...#
#......... #.........♣.♣♣♣ ###
#......... #.....##♣♣♣♣♣
#......... ####### ##########


You could see Crazy Yiuf.

Vanquished Creatures
  Jessica (D:2)
  2 adders (D:2)
  3 endoplasms
  4 giant cockroaches
  2 goblins
  4 hobgoblins
  4 jackals (D:2)
  3 quokkas (D:1)
  6 bats
  A frilled lizard (D:2)
  5 kobolds
  5 rats (D:2)
  A spectral kobold (D:1)
41 creatures vanquished.

Notes
Turn   | Place    | Note
-------+----------+-------------------------------------------
     0 | D:1      | Marvel the Hill Orc Fighter began the quest for the Orb.
     0 | D:1      | Reached XP level 1. HP: 19/19 MP: 1/1
   292 | D:1      | Found a faded altar of an unknown god.
   329 | D:1      | Reached XP level 2. HP: 22/27 MP: 2/2
   841 | D:2      | Reached XP level 3. HP: 33/33 MP: 3/3
   851 | D:2      | Found a sparkling altar of Nemelex Xobeh.
   928 | D:2      | Noticed Jessica
   977 | D:2      | Killed Jessica
   978 | D:2      | Reached XP level 4. HP: 41/41 MP: 4/4
  1211 | D:2      | Found a runed translucent door.
  1212 | D:2      | Noticed Crazy Yiuf
  1219 | D:2      | Slain by Crazy Yiuf

Illustrated notes

Levels and vault maps discovered:
D:1:      lightli_arrival_isolated_outpost, layout_basic,
          dreamdust_ecumenical_altar_drowned_temple, st_stairs_2
D:2:      layout_rooms, basic_altar, uniq_jessica, uniq_crazy_yiuf_cottage

Skill      XL: |  1  2  3  4 |
---------------+-------------+-----
Fighting       | 4 |  4.4
Axes           | 3 4 |  4.0
Armour         | 4 |  4.5
Shields        | |  3.2

Action                     |  1- 3 |  4- 6 || total
---------------------------+-------+-------++-------
  Melee: War axe           |    60 |       ||    60
         Short sword       |    38 |    36 ||    74
  Throw: Dart              |     1 |       ||     1
    Use: Potion            |     1 |       ||     1
 Armour: Scale mail        |    67 |    43 ||   110
  Dodge: Dodged            |    59 |    20 ||    79
  Block: Buckler           |    21 |    13 ||    34
